Flyers vs Rangers

Created - April 1, 2015 at 21:05

Goals
1 2 3 T
Flyers 0 1 0 1
Rangers 0 1 2 3
Shots
1 2 3 T
Flyers 10 8 10 28
Rangers 6 10 4 20

1st period

No Goal

Penalties :
Kyle Brodziak (PHI) for Hooking (Minor) at 13:48

2nd period

1. Rangers , David Legwand 13 (Steve Downie, Tomas Tatar) at 6:26
2. Flyers , Brian Gibbons 1 (Tom Gilbert, Dany Heatley) at 12:24

Penalties :
Ryan Ellis (PHI) for Holding (Minor) at 0:30, Mark Fistric (PHI) for Hooking (Minor) at 3:56, Joffrey Lupul (NYR) for Roughing (Minor) at 13:31

3rd period

3. Rangers , Tyler Ennis 16 (Alex Goligoski, Kris Russell) at 12:51
4. Rangers , Sean Couturier 14 (Alex Goligoski) at 19:50 (Empty Net)

Penalties :
Joffrey Lupul (NYR) for Tripping (Minor) at 0:29, Tomas Tatar (NYR) for Hooking (Minor) at 17:51, Ryan Ellis (PHI) for Tripping (Minor) at 17:51

Goalie Stats

Craig Anderson (PHI), 17 saves from 19 shots - (0.895), L, 17-12-1, 59:30 minutes
Jean-Sebastien Giguere (NYR), 27 saves from 28 shots - (0.964), W, 2-1-0, 60:00 minutes

Players Stats for Flyers

Player Name              G  A  P  +/- PIM S  H  SB GA TA FO     MP     PP MP  PK MP  
------------------------------------------------------------------------------------
Aaron Ness               0  0  0   0  0   0  1  2  0  0  0/0    18:05   0:00   0:59 
Brian Gibbons            1  0  1   0  0   2  0  0  0  0  3/7    12:14   0:00   0:53 
Carlo Colaiacovo         0  0  0   0  0   0  1  1  0  0  0/0    19:33   0:00   3:01 
Damien Brunner           0  0  0   0  0   2  0  0  0  0  0/1    16:17   0:00   0:00 
Dan Boyle                0  0  0  -1  0   0  1  1  0  0  0/0    25:47   1:31   2:51 
Daniel Sedin             0  0  0  -1  0   3  1  1  0  0  2/3    25:24   2:22   1:43 
Dany Heatley             0  1  1   0  0   0  1  1  0  0  1/4    11:21   0:00   0:00 
Gabriel Bourque          0  0  0   0  0   0  1  0  0  0  0/0     6:18   0:00   0:31 
Joel Ward                0  0  0  -1  0   1  1  0  0  0  1/2    20:35   2:22   3:32 
Kyle Brodziak            0  0  0  -1  2   4  5  1  0  0  12/25  21:41   1:36   2:41 
Mark Fistric             0  0  0   0  2   0  2  0  0  0  0/0    16:24   2:27   2:07 
Mike Ribeiro             0  0  0  -1  0   6  4  0  0  0  18/28  19:20   2:22   1:43 
Mike Santorelli          0  0  0   0  0   4  0  1  0  0  0/1    17:53   1:36   0:00 
Nathan Gerbe             0  0  0  -1  0   0  2  0  0  0  1/1    12:46   0:00   0:51 
Olli Jokinen             0  0  0   0  0   2  1  0  0  0  3/4     8:14   1:36   0:00 
Philip Larsen            0  0  0  -1  0   0  0  0  0  0  0/0     0:34   0:00   0:00 
Ryan Ellis               0  0  0  -1  4   1  2  1  0  0  0/0    21:05   1:31   0:00 
Tom Gilbert              0  1  1  -1  0   3  0  1  0  0  0/0    18:29   2:27   2:56 

Players Stats for Rangers

Player Name              G  A  P  +/- PIM S  H  SB GA TA FO     MP     PP MP  PK MP  
------------------------------------------------------------------------------------
Alex Goligoski           0  2  2   2  0   1  1  1  0  0  0/0    23:57   3:09   2:04 
Andrew Ference           0  0  0   0  0   0  0  0  0  0  0/0     0:00   0:00   0:00 
Anton Volchenkov         0  0  0   0  0   0  4  0  0  0  0/0    15:12   0:00   0:00 
Benoit Pouliot           0  0  0   0  0   0  1  0  0  0  0/0     6:22   0:00   3:01 
Bryan Allen              0  0  0   0  0   0  0  0  0  0  0/0     0:00   0:00   0:00 
Chris Tanev              0  0  0   0  0   2  0  0  0  0  0/0    18:13   0:00   2:04 
Craig Smith              0  0  0   2  0   2  1  0  0  0  3/10   21:59   3:13   3:01 
David Legwand            1  0  1   1  0   2  0  0  0  0  11/17  20:47   2:44   0:57 
Derek Morris             0  0  0   0  0   1  5  0  0  0  0/0    18:20   3:09   0:00 
Jaromir Jagr             0  0  0  -1  0   1  1  0  0  0  0/5    22:01   2:44   0:00 
Joffrey Lupul            0  0  0  -1  4   5  4  0  0  0  1/2    20:16   3:13   0:00 
Karl Alzner              0  0  0   0  0   0  2  1  0  0  0/0    20:52   2:48   1:54 
Kris Russell             0  1  1   2  0   0  0  0  0  0  0/0    23:26   2:48   1:54 
Mikael Backlund          0  0  0  -1  0   1  1  0  0  0  11/19  18:11   0:00   0:57 
Sean Couturier           1  0  1   2  0   3  3  0  0  0  9/22   19:09   3:13   0:00 
Steve Downie             0  1  1   1  0   0  2  0  0  0  0/1    13:54   0:00   0:00 
Tomas Tatar              0  1  1   1  2   0  1  0  0  0  0/0    13:53   0:00   0:00 
Tyler Ennis              1  0  1   1  0   2  2  0  0  0  0/0    17:28   2:44   0:00 

3 Stars

1 - Jean-Sebastien Giguere (NYR)
2 - Sean Couturier (NYR)
3 - Alex Goligoski (NYR)

Power Play

Flyers - 0 on 2 Attempt(s) - 0.00%
Rangers - 0 on 3 Attempt(s) - 0.00%

Penalty Kill

Flyers - 3 on 3 Attempt(s) - 100.00% - Score 0 goal in Penalty Kill
Rangers - 2 on 2 Attempt(s) - 100.00% - Score 0 goal in Penalty Kill

Team Stat

Flyers - Hits : 23 - Faceoff Wins : 41 - Blocked Shots : 10 - Penalty Minutes : 8
Rangers - Hits : 28 - Faceoff Wins : 35 - Blocked Shots : 2 - Penalty Minutes : 6

Official

Referees : Dean Morton and Marc Joannette
Linesman : David Brisebois and Greg Devorski

Game Notes

Sean Couturier has scored in a empty net!

Finance

Level 1 -- Attendance: 4014 (61.75%) -- Ticket Income $501,750
Level 2 -- Attendance: 4884 (97.68%) -- Ticket Income $366,300
Level 3 -- Attendance: 3050 (87.14%) -- Ticket Income $152,500
Level 4 -- Attendance: 2200 (100.00%) -- Ticket Income $55,000
Luxury Box -- Attendance: 636 (63.60%) -- Ticket Income $159,000
Game was played at the Madison Square Garden'
Total Attendance: 14784 (81.23%)
Total Ticket Income: $1,234,550
Other Income: $185,182
Total Income: $1,419,732

% Time on Ice - Flyers

Lines # - Real PCT - Wanted PCT - Time Play
Normal Forward
1 - 31% - 40% - 14:41
2 - 34% - 35% - 16:17
3 - 12% - 20% - 5:47
4 - 24% - 5% - 11:21
Normal Defense
1 - 41% - 45% - 19:36
2 - 34% - 30% - 16:32
3 - 21% - 15% - 10:13
4 - 4% - 10% - 1:45
PP Forward
1 - 60% - 60% - 2:22
2 - 40% - 40% - 1:36
PP Defense
1 - 38% - 60% - 1:31
2 - 62% - 40% - 2:27
PK Forward
1 - 71% - 60% - 4:14
2 - 29% - 40% - 1:43
PK Defense
1 - 57% - 60% - 3:22
2 - 43% - 40% - 2:35
PK3 Forward
1 - 0% - 60%
2 - 0% - 40%
PK3 Defense
1 - 0% - 60%
2 - 0% - 40%
44 Forward
1 - 57% - 60% - 1:08
2 - 43% - 40% - 0:51
44 Defense
1 - 57% - 60% - 1:08
2 - 43% - 40% - 0:51
Last Minute Offensive  - 0:00
Last Minute Defensive  - 0:00
Total
Forward - 60:00
Defense - 60:00

% Time on Ice - Rangers

Lines # - Real PCT - Wanted PCT - Time Play
Normal Forward
1 - 36% - 40% - 17:05
2 - 31% - 30% - 14:44
3 - 29% - 20% - 13:54
4 - 5% - 10% - 2:23
Normal Defense
1 - 35% - 40% - 16:41
2 - 32% - 30% - 15:11
3 - 32% - 20% - 15:12
4 - 2% - 10% - 1:02
PP Forward
1 - 46% - 60% - 2:44
2 - 54% - 40% - 3:13
PP Defense
1 - 53% - 60% - 3:09
2 - 47% - 40% - 2:48
PK Forward
1 - 100% - 60% - 3:58
2 - 0% - 40% - 0:00
PK Defense
1 - 52% - 60% - 2:04
2 - 48% - 40% - 1:54
PK3 Forward
1 - 0% - 60%
2 - 0% - 40%
PK3 Defense
1 - 0% - 60%
2 - 0% - 40%
44 Forward
1 - 100% - 60% - 1:59
2 - 0% - 40% - 0:00
44 Defense
1 - 51% - 60% - 1:01
2 - 49% - 40% - 0:58
Last Minute Offensive  - 0:00
Last Minute Defensive  - 0:00
Total
Forward - 60:00
Defense - 60:00

Play by Play

1st period


0:01 of 1st period - Mike Ribeiro wins face-off versus Jaromir Jagr in neutral zone.
0:06 of 1st period - Alex Goligoski is hit by Mike Ribeiro and loses puck.
0:17 of 1st period - Shot by Mike Ribeiro.
0:17 of 1st period - Stopped by Jean-Sebastien Giguere with a rebound.
0:19 of 1st period - Shot by Mike Ribeiro.
0:19 of 1st period - Stopped by Jean-Sebastien Giguere without a rebound.
0:20 of 1st period - Kyle Brodziak wins face-off versus Sean Couturier in Rangers zone.
0:20 of 1st period - Kyle Brodziak is hit by Derek Morris.
0:22 of 1st period - Shot by Mike Santorelli.
0:22 of 1st period - Stopped by Jean-Sebastien Giguere without a rebound.
0:23 of 1st period - David Legwand wins face-off versus Mike Santorelli in Rangers zone.
0:37 of 1st period - Off-side.
0:38 of 1st period - Olli Jokinen wins face-off versus Sean Couturier in neutral zone.
1:52 of 1st period - Shot by Joffrey Lupul.
1:52 of 1st period - Stopped by Craig Anderson with a rebound.
1:54 of 1st period - Shot by Kris Russell.
1:54 of 1st period - Shot Blocked by Kyle Brodziak.
2:02 of 1st period - Shot by Jaromir Jagr.
2:02 of 1st period - Shot Blocked by Dan Boyle.
2:04 of 1st period - Shot by Jaromir Jagr.
2:04 of 1st period - Shot Blocked by Ryan Ellis.
2:36 of 1st period - Jaromir Jagr is hit by Aaron Ness and loses puck.
2:58 of 1st period - Carlo Colaiacovo is hit by Steve Downie and loses puck.
3:22 of 1st period - Icing by Karl Alzner.
3:23 of 1st period - Mike Ribeiro wins face-off versus David Legwand in Rangers zone.
3:40 of 1st period - Shot by Tom Gilbert.
3:40 of 1st period - Stopped by Jean-Sebastien Giguere without a rebound.
3:41 of 1st period - Craig Smith wins face-off versus Olli Jokinen in Rangers zone.
4:18 of 1st period - Daniel Sedin is hit by Derek Morris and loses puck.
5:09 of 1st period - Aaron Ness is hit by Joffrey Lupul.
6:24 of 1st period - Shot by Brian Gibbons.
6:24 of 1st period - Shot Misses the Net.
6:45 of 1st period - Off-side.
6:46 of 1st period - Mike Ribeiro wins face-off versus Sean Couturier in neutral zone.
6:54 of 1st period - Icing by Derek Morris.
6:55 of 1st period - Sean Couturier wins face-off versus Kyle Brodziak in Rangers zone.
7:15 of 1st period - Shot by Chris Tanev.
7:15 of 1st period - Shot Blocked by Mike Santorelli.
7:17 of 1st period - Shot by Derek Morris.
7:17 of 1st period - Stopped by Craig Anderson without a rebound.
7:18 of 1st period - Mikael Backlund wins face-off versus Mike Ribeiro in Flyers zone.
7:29 of 1st period - Carlo Colaiacovo is hit by Jaromir Jagr and loses puck.
7:43 of 1st period - Mike Ribeiro is hit by Alex Goligoski and loses puck.
8:00 of 1st period - Daniel Sedin is hit by Joffrey Lupul and loses puck.
8:09 of 1st period - Aaron Ness is hit by Joffrey Lupul and loses puck.
8:17 of 1st period - Icing by Joel Ward.
8:18 of 1st period - Mike Ribeiro wins face-off versus Sean Couturier in Flyers zone.
9:17 of 1st period - Icing by Chris Tanev.
9:18 of 1st period - Sean Couturier wins face-off versus Brian Gibbons in Rangers zone.
9:55 of 1st period - Shot by Brian Gibbons.
9:55 of 1st period - Stopped by Jean-Sebastien Giguere without a rebound.
9:56 of 1st period - Mike Ribeiro wins face-off versus Jaromir Jagr in Rangers zone.
10:07 of 1st period - Shot by Mike Ribeiro.
10:07 of 1st period - Stopped by Jean-Sebastien Giguere without a rebound.
10:08 of 1st period - Mikael Backlund wins face-off versus Kyle Brodziak in Rangers zone.
10:25 of 1st period - Shot by Mike Santorelli.
10:25 of 1st period - Shot Blocked by Alex Goligoski.
10:37 of 1st period - Shot by Mikael Backlund.
10:37 of 1st period - Shot Misses the Net.
10:39 of 1st period - Shot by Joffrey Lupul.
10:39 of 1st period - Shot Misses the Net.
10:41 of 1st period - Shot by Joffrey Lupul.
10:41 of 1st period - Stopped by Craig Anderson without a rebound.
10:42 of 1st period - David Legwand wins face-off versus Mike Ribeiro in Flyers zone.
11:51 of 1st period - Shot by Mikael Backlund.
11:51 of 1st period - Stopped by Craig Anderson without a rebound.
11:52 of 1st period - Sean Couturier wins face-off versus Dany Heatley in Flyers zone.
11:56 of 1st period - Craig Smith is hit by Mark Fistric and loses puck.
12:15 of 1st period - Shot by Tyler Ennis.
12:15 of 1st period - Shot Hit the Post.
12:17 of 1st period - Shot by Chris Tanev.
12:17 of 1st period - Shot Misses the Net.
12:21 of 1st period - Shot by Sean Couturier.
12:21 of 1st period - Shot Misses the Net.
12:23 of 1st period - Shot by Sean Couturier.
12:23 of 1st period - Stopped by Craig Anderson with a rebound.
12:33 of 1st period - Shot by Brian Gibbons.
12:33 of 1st period - Deflect By Dany Heatley.
12:33 of 1st period - Shot Misses the Net.
12:46 of 1st period - Icing by Nathan Gerbe.
12:47 of 1st period - Dany Heatley wins face-off versus Jaromir Jagr in Flyers zone.
13:01 of 1st period - Kris Russell is hit by Olli Jokinen and loses puck.
13:48 of 1st period - Minor Penalty to Kyle Brodziak for Hooking.
13:49 of 1st period - Nathan Gerbe wins face-off versus Sean Couturier in Flyers zone.
14:06 of 1st period - Shot by Alex Goligoski.
14:06 of 1st period - Deflect By Craig Smith.
14:06 of 1st period - Shot Misses the Net.
14:46 of 1st period - Brian Gibbons is hit by Tyler Ennis and loses puck.
14:51 of 1st period - Shot by Jaromir Jagr.
14:51 of 1st period - Shot Misses the Net.
14:53 of 1st period - Shot by David Legwand.
14:53 of 1st period - Shot Misses the Net.
15:31 of 1st period - Shot by Craig Smith.
15:31 of 1st period - Deflect By Joffrey Lupul.
15:31 of 1st period - Shot Blocked by Aaron Ness.
15:33 of 1st period - Shot by Sean Couturier.
15:33 of 1st period - Shot Misses the Net.
15:43 of 1st period - Shot by Alex Goligoski.
15:43 of 1st period - Shot Blocked by Daniel Sedin.
15:45 of 1st period - Shot by Joffrey Lupul.
15:45 of 1st period - Deflect By Craig Smith.
15:45 of 1st period - Shot Blocked by Aaron Ness.
15:56 of 1st period - Icing by Mike Santorelli.
15:57 of 1st period - David Legwand wins face-off versus Kyle Brodziak in Flyers zone.
16:25 of 1st period - Icing by Ryan Ellis.
16:26 of 1st period - Mikael Backlund wins face-off versus Kyle Brodziak in Flyers zone.
16:33 of 1st period - Shot by Joffrey Lupul.
16:33 of 1st period - Stopped by Craig Anderson without a rebound.
16:34 of 1st period - Mike Ribeiro wins face-off versus Sean Couturier in Flyers zone.
16:45 of 1st period - Shot by Mike Ribeiro.
16:45 of 1st period - Stopped by Jean-Sebastien Giguere without a rebound.
16:46 of 1st period - Mikael Backlund wins face-off versus Joel Ward in Rangers zone.
16:46 of 1st period - Mikael Backlund is hit by Mike Ribeiro.
16:57 of 1st period - Icing by Tom Gilbert.
16:58 of 1st period - Craig Smith wins face-off versus Mike Ribeiro in Flyers zone.
17:09 of 1st period - Shot by Joel Ward.
17:09 of 1st period - Stopped by Jean-Sebastien Giguere without a rebound.
17:10 of 1st period - Mikael Backlund wins face-off versus Kyle Brodziak in Rangers zone.
17:10 of 1st period - Mikael Backlund is hit by Kyle Brodziak.
17:22 of 1st period - Shot by Mike Santorelli.
17:22 of 1st period - Stopped by Jean-Sebastien Giguere without a rebound.
17:23 of 1st period - David Legwand wins face-off versus Mike Ribeiro in Rangers zone.
18:03 of 1st period - Shot by Mike Ribeiro.
18:03 of 1st period - Stopped by Jean-Sebastien Giguere without a rebound.
18:04 of 1st period - Kyle Brodziak wins face-off versus Mikael Backlund in Rangers zone.
18:24 of 1st period - Aaron Ness is hit by Mikael Backlund and loses puck.
18:28 of 1st period - Icing by Aaron Ness.
18:29 of 1st period - Kyle Brodziak wins face-off versus Sean Couturier in Flyers zone.
19:36 of 1st period - Shot by Joffrey Lupul.
19:36 of 1st period - Shot Misses the Net.
Goals for this period are 0 for Flyers vs 0 for Rangers.
Shots for this period are 10 for Flyers vs 6 for Rangers.

2nd period


0:01 of 2nd period - Mike Ribeiro wins face-off versus Mikael Backlund in neutral zone.
0:04 of 2nd period - Alex Goligoski is hit by Joel Ward and loses puck.
0:30 of 2nd period - Minor Penalty to Ryan Ellis for Holding.
0:31 of 2nd period - Kyle Brodziak wins face-off versus David Legwand in Flyers zone.
0:46 of 2nd period - Shot by Tyler Ennis.
0:46 of 2nd period - Shot Misses the Net.
0:48 of 2nd period - Shot by Alex Goligoski.
0:48 of 2nd period - Shot Misses the Net.
0:50 of 2nd period - Shot by Alex Goligoski.
0:50 of 2nd period - Stopped by Craig Anderson with a rebound.
0:52 of 2nd period - Shot by Tyler Ennis.
0:52 of 2nd period - Shot Misses the Net.
1:20 of 2nd period - Shot by Joffrey Lupul.
1:20 of 2nd period - Stopped by Craig Anderson without a rebound.
1:21 of 2nd period - Sean Couturier wins face-off versus Daniel Sedin in Flyers zone.
1:21 of 2nd period - Joffrey Lupul is hit by Dan Boyle and loses puck.
1:50 of 2nd period - Shot by Craig Smith.
1:50 of 2nd period - Shot Misses the Net.
1:52 of 2nd period - Shot by Craig Smith.
1:52 of 2nd period - Shot Misses the Net.
1:56 of 2nd period - Shot by Craig Smith.
1:56 of 2nd period - Stopped by Craig Anderson without a rebound.
1:57 of 2nd period - David Legwand wins face-off versus Kyle Brodziak in Flyers zone.
2:21 of 2nd period - Icing by David Legwand.
2:22 of 2nd period - Mike Ribeiro wins face-off versus David Legwand in Rangers zone.
2:29 of 2nd period - Carlo Colaiacovo is hit by Tyler Ennis and loses puck.
2:59 of 2nd period - Shot by Sean Couturier.
2:59 of 2nd period - Stopped by Craig Anderson without a rebound.
3:00 of 2nd period - Olli Jokinen wins face-off versus David Legwand in Flyers zone.
3:00 of 2nd period - Daniel Sedin is hit by Tomas Tatar and loses puck.
3:13 of 2nd period - Shot by Olli Jokinen.
3:13 of 2nd period - Stopped by Jean-Sebastien Giguere with a rebound.
3:15 of 2nd period - Shot by Carlo Colaiacovo.
3:15 of 2nd period - Shot Hit the Post.
3:26 of 2nd period - Olli Jokinen is hit by Derek Morris and loses puck.
3:30 of 2nd period - Olli Jokinen is hit by Derek Morris and loses puck.
3:52 of 2nd period - Chris Tanev is hit by Kyle Brodziak and loses puck.
3:56 of 2nd period - Minor Penalty to Mark Fistric for Hooking.
3:57 of 2nd period - Kyle Brodziak wins face-off versus Sean Couturier in Flyers zone.
3:57 of 2nd period - Joel Ward is hit by Sean Couturier.
4:17 of 2nd period - Craig Smith is hit by Kyle Brodziak and loses puck.
4:28 of 2nd period - Shot by Tom Gilbert.
4:28 of 2nd period - Stopped by Jean-Sebastien Giguere without a rebound.
4:29 of 2nd period - David Legwand wins face-off versus Kyle Brodziak in Rangers zone.
5:16 of 2nd period - Shot by Kris Russell.
5:16 of 2nd period - Shot Blocked by Carlo Colaiacovo.
5:34 of 2nd period - Shot by Craig Smith.
5:34 of 2nd period - Stopped by Craig Anderson without a rebound.
5:35 of 2nd period - Daniel Sedin wins face-off versus Craig Smith in Flyers zone.
6:22 of 2nd period - Shot by David Legwand.
6:22 of 2nd period - Shot Blocked by Tom Gilbert.
6:24 of 2nd period - Shot by Tomas Tatar.
6:24 of 2nd period - Shot Hit the Post.
6:26 of 2nd period - Shot by Steve Downie.
6:26 of 2nd period - Deflect By David Legwand.
6:26 of 2nd period - Goal by David Legwand - Flyers : 0 - Rangers : 1.
6:27 of 2nd period - Olli Jokinen wins face-off versus Mikael Backlund in neutral zone.
6:27 of 2nd period - Ryan Ellis is hit by Joffrey Lupul and loses puck.
6:44 of 2nd period - Shot by Olli Jokinen.
6:44 of 2nd period - Stopped by Jean-Sebastien Giguere with a rebound.
6:54 of 2nd period - Chris Tanev is hit by Gabriel Bourque and loses puck.
7:28 of 2nd period - Shot by Kyle Brodziak.
7:28 of 2nd period - Shot Misses the Net.
7:38 of 2nd period - Shot by Kyle Brodziak.
7:38 of 2nd period - Stopped by Jean-Sebastien Giguere without a rebound.
7:39 of 2nd period - David Legwand wins face-off versus Brian Gibbons in Rangers zone.
7:39 of 2nd period - David Legwand is hit by Mark Fistric.
7:44 of 2nd period - Kris Russell is hit by Dany Heatley and loses puck.
8:13 of 2nd period - Shot by David Legwand.
8:13 of 2nd period - Stopped by Craig Anderson without a rebound.
8:14 of 2nd period - Sean Couturier wins face-off versus Mike Ribeiro in Flyers zone.
8:31 of 2nd period - Icing by Anton Volchenkov.
8:32 of 2nd period - Kyle Brodziak wins face-off versus Sean Couturier in Rangers zone.
8:32 of 2nd period - Kyle Brodziak is hit by Anton Volchenkov.
9:14 of 2nd period - Shot by Damien Brunner.
9:14 of 2nd period - Stopped by Jean-Sebastien Giguere without a rebound.
9:15 of 2nd period - Mike Ribeiro wins face-off versus Mikael Backlund in Rangers zone.
9:20 of 2nd period - Shot by Daniel Sedin.
9:20 of 2nd period - Shot Misses the Net.
9:22 of 2nd period - Shot by Daniel Sedin.
9:22 of 2nd period - Shot Misses the Net.
9:43 of 2nd period - Shot by Mike Ribeiro.
9:43 of 2nd period - Stopped by Jean-Sebastien Giguere without a rebound.
9:44 of 2nd period - David Legwand wins face-off versus Dany Heatley in Rangers zone.
9:50 of 2nd period - Icing by David Legwand.
9:51 of 2nd period - David Legwand wins face-off versus Kyle Brodziak in Rangers zone.
9:51 of 2nd period - David Legwand is hit by Kyle Brodziak.
9:58 of 2nd period - Derek Morris is hit by Kyle Brodziak and loses puck.
10:22 of 2nd period - David Legwand is hit by Ryan Ellis and loses puck.
10:48 of 2nd period - Icing by Derek Morris.
10:49 of 2nd period - David Legwand wins face-off versus Mike Ribeiro in Rangers zone.
10:53 of 2nd period - Tomas Tatar is hit by Carlo Colaiacovo.
11:00 of 2nd period - Icing by Aaron Ness.
11:01 of 2nd period - Mikael Backlund wins face-off versus Mike Ribeiro in Flyers zone.
11:17 of 2nd period - Icing by Carlo Colaiacovo.
11:18 of 2nd period - Mike Ribeiro wins face-off versus Sean Couturier in Flyers zone.
11:18 of 2nd period - Mike Ribeiro is hit by Sean Couturier.
11:27 of 2nd period - Daniel Sedin is hit by Anton Volchenkov and loses puck.
11:41 of 2nd period - Daniel Sedin is hit by Anton Volchenkov and loses puck.
12:10 of 2nd period - Shot by Mike Santorelli.
12:10 of 2nd period - Stopped by Jean-Sebastien Giguere without a rebound.
12:11 of 2nd period - Brian Gibbons wins face-off versus Mikael Backlund in Rangers zone.
12:24 of 2nd period - Shot by Brian Gibbons.
12:24 of 2nd period - Goal by Brian Gibbons - Flyers : 1 - Rangers : 1.
12:25 of 2nd period - Kyle Brodziak wins face-off versus David Legwand in neutral zone.
12:27 of 2nd period - Dan Boyle is hit by Steve Downie and loses puck.
12:32 of 2nd period - Shot by Chris Tanev.
12:32 of 2nd period - Stopped by Craig Anderson with a rebound.
12:40 of 2nd period - Shot by Tomas Tatar.
12:40 of 2nd period - Shot Misses the Net.
12:42 of 2nd period - Shot by Chris Tanev.
12:42 of 2nd period - Stopped by Craig Anderson with a rebound.
13:16 of 2nd period - Icing by Ryan Ellis.
13:17 of 2nd period - Mikael Backlund wins face-off versus Kyle Brodziak in Flyers zone.
13:31 of 2nd period - Minor Penalty to Joffrey Lupul for Roughing.
13:32 of 2nd period - Mike Ribeiro wins face-off versus Craig Smith in Rangers zone.
13:32 of 2nd period - Mike Ribeiro is hit by Karl Alzner.
13:50 of 2nd period - Joel Ward is hit by Benoit Pouliot and loses puck.
14:48 of 2nd period - Shot by Olli Jokinen.
14:48 of 2nd period - Shot Misses the Net.
14:50 of 2nd period - Shot by Ryan Ellis.
14:50 of 2nd period - Shot Misses the Net.
15:05 of 2nd period - Off-side.
15:06 of 2nd period - Mike Ribeiro wins face-off versus Craig Smith in neutral zone.
15:25 of 2nd period - Shot by Daniel Sedin.
15:25 of 2nd period - Shot Misses the Net.
15:29 of 2nd period - Shot by Joel Ward.
15:29 of 2nd period - Shot Misses the Net.
16:41 of 2nd period - Shot by Mike Santorelli.
16:41 of 2nd period - Shot Misses the Net.
16:43 of 2nd period - Shot by Kyle Brodziak.
16:43 of 2nd period - Shot Misses the Net.
17:42 of 2nd period - Icing by Kris Russell.
17:43 of 2nd period - Brian Gibbons wins face-off versus Steve Downie in Rangers zone.
17:46 of 2nd period - Shot by Nathan Gerbe.
17:46 of 2nd period - Shot Misses the Net.
17:56 of 2nd period - Shot by Carlo Colaiacovo.
17:56 of 2nd period - Shot Misses the Net.
18:07 of 2nd period - Icing by Alex Goligoski.
18:08 of 2nd period - Joel Ward wins face-off versus David Legwand in Rangers zone.
18:37 of 2nd period - Icing by Ryan Ellis.
18:38 of 2nd period - Mike Ribeiro wins face-off versus Sean Couturier in Flyers zone.
18:52 of 2nd period - Off-side.
18:53 of 2nd period - Mikael Backlund wins face-off versus Damien Brunner in neutral zone.
19:15 of 2nd period - Shot by Jaromir Jagr.
19:15 of 2nd period - Stopped by Craig Anderson with a rebound.
19:20 of 2nd period - Icing by Carlo Colaiacovo.
19:21 of 2nd period - Sean Couturier wins face-off versus Kyle Brodziak in Flyers zone.
Goals for this period are 1 for Flyers vs 1 for Rangers.
Shots for this period are 8 for Flyers vs 10 for Rangers.

3rd period


0:01 of 3rd period - Mike Ribeiro wins face-off versus Mikael Backlund in neutral zone.
0:15 of 3rd period - Kris Russell is hit by Mike Ribeiro and loses puck.
0:29 of 3rd period - Minor Penalty to Joffrey Lupul for Tripping.
0:30 of 3rd period - Craig Smith wins face-off versus Kyle Brodziak in Rangers zone.
1:09 of 3rd period - Shot by Kyle Brodziak.
1:09 of 3rd period - Stopped by Jean-Sebastien Giguere without a rebound.
1:10 of 3rd period - Daniel Sedin wins face-off versus Craig Smith in Rangers zone.
1:17 of 3rd period - Shot by Ryan Ellis.
1:17 of 3rd period - Shot Misses the Net.
1:19 of 3rd period - Shot by Daniel Sedin.
1:19 of 3rd period - Stopped by Jean-Sebastien Giguere without a rebound.
1:20 of 3rd period - Mike Ribeiro wins face-off versus Craig Smith in Rangers zone.
1:35 of 3rd period - Icing by Daniel Sedin.
1:36 of 3rd period - Mike Ribeiro wins face-off versus Craig Smith in Flyers zone.
2:04 of 3rd period - Shot by Ryan Ellis.
2:04 of 3rd period - Stopped by Jean-Sebastien Giguere with a rebound.
2:06 of 3rd period - Shot by Daniel Sedin.
2:06 of 3rd period - Stopped by Jean-Sebastien Giguere without a rebound.
2:07 of 3rd period - Kyle Brodziak wins face-off versus Craig Smith in Rangers zone.
3:04 of 3rd period - Icing by Anton Volchenkov.
3:05 of 3rd period - Mikael Backlund wins face-off versus Mike Ribeiro in Rangers zone.
3:05 of 3rd period - Mikael Backlund is hit by Mike Ribeiro.
3:10 of 3rd period - Karl Alzner is hit by Ryan Ellis and loses puck.
3:23 of 3rd period - Shot by Joel Ward.
3:23 of 3rd period - Shot Misses the Net.
3:29 of 3rd period - Shot by Daniel Sedin.
3:29 of 3rd period - Shot Misses the Net.
3:31 of 3rd period - Shot by Dan Boyle.
3:31 of 3rd period - Shot Hit the Post.
3:57 of 3rd period - Icing by Anton Volchenkov.
3:58 of 3rd period - Kyle Brodziak wins face-off versus Joffrey Lupul in Rangers zone.
4:11 of 3rd period - Icing by Jaromir Jagr.
4:12 of 3rd period - Mikael Backlund wins face-off versus Dany Heatley in Rangers zone.
5:50 of 3rd period - Shot by Steve Downie.
5:50 of 3rd period - Shot Misses the Net.
6:20 of 3rd period - Shot by Mike Ribeiro.
6:20 of 3rd period - Shot Misses the Net.
6:59 of 3rd period - Off-side.
7:00 of 3rd period - Sean Couturier wins face-off versus Brian Gibbons in neutral zone.
7:32 of 3rd period - Sean Couturier is hit by Nathan Gerbe and loses puck.
8:16 of 3rd period - Shot by Daniel Sedin.
8:16 of 3rd period - Shot Misses the Net.
8:19 of 3rd period - Icing by Kris Russell.
8:20 of 3rd period - Kyle Brodziak wins face-off versus Jaromir Jagr in Rangers zone.
8:25 of 3rd period - Shot by Damien Brunner.
8:25 of 3rd period - Stopped by Jean-Sebastien Giguere without a rebound.
8:26 of 3rd period - Kyle Brodziak wins face-off versus Mikael Backlund in Rangers zone.
8:28 of 3rd period - Damien Brunner is hit by Derek Morris.
8:38 of 3rd period - Shot by Mike Santorelli.
8:38 of 3rd period - Stopped by Jean-Sebastien Giguere without a rebound.
8:39 of 3rd period - David Legwand wins face-off versus Mike Ribeiro in Rangers zone.
9:43 of 3rd period - Shot by Mike Santorelli.
9:43 of 3rd period - Shot Misses the Net.
10:09 of 3rd period - Shot by Kyle Brodziak.
10:09 of 3rd period - Stopped by Jean-Sebastien Giguere without a rebound.
10:10 of 3rd period - Mikael Backlund wins face-off versus Brian Gibbons in Rangers zone.
10:10 of 3rd period - Mikael Backlund is hit by Nathan Gerbe.
10:26 of 3rd period - Shot by Jaromir Jagr.
10:26 of 3rd period - Shot Blocked by Dany Heatley.
11:16 of 3rd period - Shot by Daniel Sedin.
11:16 of 3rd period - Shot Hit the Post.
11:18 of 3rd period - Shot by Tom Gilbert.
11:18 of 3rd period - Stopped by Jean-Sebastien Giguere without a rebound.
11:19 of 3rd period - Mike Ribeiro wins face-off versus Sean Couturier in Rangers zone.
11:22 of 3rd period - Shot by Daniel Sedin.
11:22 of 3rd period - Shot Misses the Net.
11:40 of 3rd period - Shot by Tyler Ennis.
11:40 of 3rd period - Stopped by Craig Anderson without a rebound.
11:41 of 3rd period - Joffrey Lupul wins face-off versus Kyle Brodziak in Flyers zone.
12:14 of 3rd period - Shot by Joffrey Lupul.
12:14 of 3rd period - Stopped by Craig Anderson without a rebound.
12:15 of 3rd period - Mike Ribeiro wins face-off versus Sean Couturier in Flyers zone.
12:15 of 3rd period - Mike Ribeiro is hit by Craig Smith.
12:51 of 3rd period - Shot by Tyler Ennis.
12:51 of 3rd period - Goal by Tyler Ennis - Flyers : 1 - Rangers : 2.
12:52 of 3rd period - Kyle Brodziak wins face-off versus Jaromir Jagr in neutral zone.
13:16 of 3rd period - Shot by Mike Santorelli.
13:16 of 3rd period - Deflect By Kyle Brodziak.
13:16 of 3rd period - Stopped by Jean-Sebastien Giguere with a rebound.
13:44 of 3rd period - Shot by Daniel Sedin.
13:44 of 3rd period - Stopped by Jean-Sebastien Giguere without a rebound.
13:45 of 3rd period - Sean Couturier wins face-off versus Mike Ribeiro in Rangers zone.
13:45 of 3rd period - Kris Russell is hit by Daniel Sedin and loses puck.
17:14 of 3rd period - Shot by Daniel Sedin.
17:14 of 3rd period - Shot Blocked by Karl Alzner.
17:19 of 3rd period - Joel Ward is hit by Anton Volchenkov.
17:23 of 3rd period - Shot by Daniel Sedin.
17:23 of 3rd period - Deflect By Mike Ribeiro.
17:23 of 3rd period - Shot Misses the Net.
17:28 of 3rd period - Joel Ward is hit by Karl Alzner and loses puck.
17:51 of 3rd period - Minor Penalty to Tomas Tatar for Hooking.
17:51 of 3rd period - Minor Penalty to Ryan Ellis for Tripping.
17:52 of 3rd period - Sean Couturier wins face-off versus Kyle Brodziak in Flyers zone.
18:33 of 3rd period - Olli Jokinen is hit by Sean Couturier and loses puck.
19:20 of 3rd period - Flyers, Craig Anderson is pulled from the net.
19:50 of 3rd period - Shot by Sean Couturier.
19:50 of 3rd period - Goal by Sean Couturier - Flyers : 1 - Rangers : 3.
19:50 of 3rd period - Craig Anderson from Flyers was sent back in the game.
19:51 of 3rd period - Brian Gibbons wins face-off versus Mikael Backlund in neutral zone.
Goals for this period are 0 for Flyers vs 2 for Rangers.
Shots for this period are 10 for Flyers vs 4 for Rangers.


Output by the SimonT Hockey Simulator (STHS) for Stephane Roy -- Original Page W3C XHTML 1.0 Valid
Hockey Simulator - Hockey Simulation - Hockey Manager